 Dungeon Sprint DCSS version 0.23-a0-814-g91b4073 (webtiles) character file.

10941 Lanoc the Fencer (level 11, -2/98 HPs)
             Began as a Demonspawn Berserker on Jan 21, 2019.
             Was the Champion of Trog.
             Slain by an orc knight
             ... wielding a +2 halberd
              (41 damage)
             ... in the Dungeon (Sprint IX: "|||||||||||||||||||||||||||||").
             The game lasted 00:05:19 (1388 turns).

Lanoc the Fencer (Demonspawn Berserker)             Turns: 1388, Time: 00:05:20

Health: -2/98      AC: 17    Str: 23    XL:     11   Next: 42%
Magic:  3/3        EV: 13    Int: 11    God:    Trog [******]
Gold:   1264       SH:  0    Dex: 14    Spells: 10/10 levels left

rFire    + . .     SeeInvis .   w - +2 demon blade (antimagic)
rCold    . . .     Gourm    .   (no shield)
rNeg     . . .     Faith    .   t - +1 plate armour {MR+}
rPois    .         Spirit   .   (helmet restricted)
rElec    .         Reflect  .   a - +0 cloak
rCorr    .         Harm     .   (no gloves)
MR       +....     NoTele   +   (no boots)
Stlth    ..........             (no amulet)
HPRegen  0.26/turn              q - +3 ring of strength
MPRegen  0.08/turn              r - +3 ring of intelligence

@: berserk cooldown, slowed, very slow
A: claws 1, horns 2, talons 1, fire resistance 1, nightstalker 2
a: Berserk, Trog's Hand, Brothers in Arms, Renounce Religion


You were in the Dungeon.
You worshipped Trog.
Trog was exalted by your worship.
You were near starving.

You visited 1 branch You collected 1264 gold pieces.

Inventory:

Hand Weapons
 o - a +2 scimitar of flaming
 w - a +2 antimagic demon blade (weapon)
Missiles
 k - 15 arrows
Armour
 a - a +0 cloak (worn)
 t - a +1 plate armour of magic resistance (worn)
Jewellery
 q - a +3 ring of strength (left claw)
 r - a +3 ring of intelligence (right claw)
Wands
 n - a wand of acid (10)
Scrolls
 i - 2 scrolls of blinking
 j - 2 scrolls of identify
 m - 6 scrolls of remove curse
 u - a scroll of fog
 v - a scroll of enchant weapon
Potions
 b - a potion of mutation
 d - 6 potions of curing
 e - 6 potions of heal wounds
 f - 2 potions of haste
 g - 4 potions of magic
 h - a potion of berserk rage
 l - a potion of invisibility
Comestibles
 c - 11 rations
 s - a chunk of flesh


   Skills:
 + Level 13.1 Fighting
 * Level 16.1 Long Blades
 + Level 12.0 Armour
 + Level 12.0 Dodging


You had 10 spell levels left.
You didn't know any spells.
Your spell library was empty.

Dungeon Overview and Level Annotations

Branches:
Dungeon (1/1)

Altars:
Cheibriados
Dithmenos
Elyvilon
Fedhas
Gozag
Hepliaklqana
Kikubaaqudgha
Makhleb
Nemelex Xobeh
Okawaru
Qazlal
Ru
Sif Muna
Trog
Uskayaw
Vehumet
Wu Jian
Xom
Yredelemnul
Zin
The Shining One
Beogh
Jiyva
Lugonu

Shops:
D (


Innate Abilities, Weirdness & Mutations

You have sharp fingernails.
You have a pair of horns on your head.
You have sharp toenails.
Your flesh is heat resistant. (rF+)
You are significantly more attuned to the shadows.


Message History

The orc knight is severely wounded.
The orc knight hits you with a +0 war axe!
* * * LOW HITPOINT WARNING * * *
You slice the orc knight!!
You feel the power of Trog in you as your rage grows.
You kill the orc knight!
Trog accepts your kill.
Your Armour skill increases to level 12!
Your Dodging skill increases to level 12!
Items here: $ )) [[ †† You feel a strong urge to attack something.
There is an open door to Orc:2, spattered with blood here.
Items here: ))) [[ †† You see here a +2 ring mail.
You feel your anger nearly subside.
You are no longer berserk.
You are exhausted.
You feel yourself slow down.
You feel much better.
The orc knight hits you from afar with a +2 halberd!!!
You die...

▓)▓.▓)▓.▓o▓
▓|▓.▓÷▓.▓$▓
▓?▓.▓÷▓.▓)▓
▓.▓.▓.▓.▓o▓
▓'▓.▓÷▓.▓)▓
▓_▓.▓.▓.▓)▓
▓_▓.▓.▓.▓o▓
▓_▓.▓.▓.▓.▓
▓_▓.▓÷▓.▓@▓
▓_▓.▓.▓.▓.▓
▓_▓.▓.▓.▓)▓
▓_▓.▓.▓.▓)▓
▓_▓.▓.▓.▓)▓
▓_▓.▓÷▓.▓)▓
▓_▓.▓)▓.▓)▓
▓_▓.▓.▓.▓)▓
▓_▓.▓.▓.▓)▓


You could see 2 orc knights.

Vanquished Creatures
  A hydra (D)
  4 lindwurms (D)
  An orc sorcerer (D)
  6 orc knights (D)
  An ugly thing (D)
  2 black mambas (D)
  A spiny frog (D)
  A komodo dragon (shapeshifter) (D)
  A komodo dragon (D)
  A troll (D)
  4 hippogriffs (D)
  A soldier ant (D)
  2 water moccasins (D)
  3 porcupines (D)
  12 orc warriors (D)
  A centaur (D)
  3 crocodiles (D)
  4 bullfrogs (D)
  A crimson imp (D)
  5 orc priests (D)
  A hound (D)
  A jelly (D)
  A worker ant (D)
  5 worms (D)
  9 orcs (D)
  2 bat skeletons (D)
  A goblin (D)
  A hobgoblin (D)
  A kobold (D)
  A frilled lizard (D)
  A rat (D)
79 creatures vanquished.

Notes
Turn   | Place    | Note
-------+----------+-------------------------------------------
     0 | D        | Lanoc the Demonspawn Berserker began the quest for the Orb.
     0 | D        | Reached XP level 1. HP: 18/18 MP: 1/1
     8 | D        | Reached skill level 3 in Long Blades
    11 | D        | Reached ** piety under Trog
    48 | D        | Noticed a hound
    48 | D        | Noticed a worker ant
    48 | D        | Noticed a centaur
    51 | D        | Gained mutation: You are slightly more attuned to the
                  | shadows. [demonic ancestry]
    51 | D        | Reached XP level 2. HP: 24/24 MP: 2/2
    54 | D        | Killed a centaur
    54 | D        | Reached *** piety under Trog
    54 | D        | Reached skill level 5 in Long Blades
    54 | D        | Gained mutation: You have sharp toenails. [demonic
                  | ancestry]
    54 | D        | Reached XP level 3. HP: 32/32 MP: 3/3
    54 | D        | Gained mutation: You are significantly more attuned to the
                  | shadows. [demonic ancestry]
    54 | D        | Reached XP level 4. HP: 38/38 MP: 4/4
    56 | D        | Reached skill level 5 in Fighting
    56 | D        | Reached skill level 6 in Long Blades
    59 | D        | Gained mutation: You have sharp fingernails. [demonic
                  | ancestry]
    59 | D        | Reached XP level 5. HP: 40/44 MP: 5/5
   169 | D        | Found a roughly hewn altar of Beogh.
   169 | D        | Found a snail-covered altar of Cheibriados.
   169 | D        | Found a shadowy altar of Dithmenos.
   169 | D        | Found a white marble altar of Elyvilon.
   170 | D        | Found a blossoming altar of Fedhas.
   171 | D        | Found an opulent altar of Gozag.
   172 | D        | Found a hazy altar of Hepliaklqana.
   173 | D        | Found a viscous altar of Jiyva.
   174 | D        | Found an ancient bone altar of Kikubaaqudgha.
   175 | D        | Found a corrupted altar of Lugonu.
   176 | D        | Found a burning altar of Makhleb.
   177 | D        | Found a sparkling altar of Nemelex Xobeh.
   178 | D        | Found an iron altar of Okawaru.
   179 | D        | Found a stormy altar of Qazlal.
   180 | D        | Found a sacrificial altar of Ru.
   181 | D        | Found a deep blue altar of Sif Muna.
   182 | D        | Found a bloodstained altar of Trog.
   183 | D        | Found a hide-covered altar of Uskayaw.
   184 | D        | Found a radiant altar of Vehumet.
   185 | D        | Found an ornate altar of the Wu Jian Council.
   186 | D        | Found a shimmering altar of Xom.
   187 | D        | Found a basalt altar of Yredelemnul.
   188 | D        | Found a glowing silver altar of Zin.
   189 | D        | Found a glowing golden altar of the Shining One.
   236 | D        | Noticed a water moccasin
   236 | D        | Noticed a hippogriff
   240 | D        | Killed a hippogriff
   240 | D        | Reached **** piety under Trog
   240 | D        | Reached skill level 8 in Long Blades
   240 | D        | Reached skill level 5 in Armour
   240 | D        | Reached skill level 5 in Dodging
   240 | D        | Reached XP level 6. HP: 53/53 MP: 6/6
   241 | D        | Noticed a troll
   246 | D        | Killed a water moccasin
   246 | D        | Reached skill level 9 in Long Blades
   250 | D        | Killed a troll
   250 | D        | Gained mutation: You have a pair of small horns on your
                  | head. [demonic ancestry]
   250 | D        | Reached XP level 7. HP: 49/61 MP: 7/7
   256 | D        | Reached ***** piety under Trog
   380 | D        | Noticed a komodo dragon
   380 | D        | Noticed a purple ugly thing
   382 | D        | Received a gift from Trog
   387 | D        | Killed a purple ugly thing
   387 | D        | Reached skill level 10 in Long Blades
   387 | D        | Gained mutation: Your flesh is heat resistant. (rF+)
                  | [demonic ancestry]
   387 | D        | Reached XP level 8. HP: 69/69 MP: 8/8
   394 | D        | Killed a komodo dragon
   394 | D        | Reached skill level 11 in Long Blades
   581 | D        | Noticed a hippogriff
   581 | D        | Noticed a spiny frog
   588 | D        | Killed a spiny frog
   592 | D        | Noticed a hippogriff
   597 | D        | Killed a hippogriff
   597 | D        | Reached skill level 12 in Long Blades
   597 | D        | Reached XP level 9. HP: 72/78 MP: 9/9
   601 | D        | Received a gift from Trog
   601 | D        | Reached skill level 10 in Fighting
   650 | D        | Noticed a black mamba
   655 | D        | Killed a black mamba
   837 | D        | Noticed a black mamba
   841 | D        | Killed a black mamba
   841 | D        | Reached skill level 13 in Long Blades
   843 | D        | Noticed a six-headed hydra
   850 | D        | Killed a six-headed hydra
   850 | D        | Reached skill level 10 in Armour
   850 | D        | Reached skill level 10 in Dodging
   850 | D        | Gained mutation: You have a pair of horns on your head.
                  | [demonic ancestry]
   850 | D        | Reached XP level 10. HP: 87/87 MP: 3/10
   853 | D        | Reached ****** piety under Trog
   854 | D        | Received a gift from Trog
   859 | D        | Reached skill level 14 in Long Blades
   906 | D        | Noticed a lindwurm
   906 | D        | Noticed a lindwurm
   913 | D        | Killed a lindwurm
   914 | D        | Noticed a lindwurm
   915 | D        | Killed a lindwurm
   916 | D        | Noticed a lindwurm
   922 | D        | Killed a lindwurm
   927 | D        | Killed a lindwurm
   931 | D        | Received a gift from Trog
  1091 | D        | Received a gift from Trog
  1153 | D        | Noticed an orc sorcerer
  1163 | D        | Killed an orc sorcerer
  1163 | D        | Received a gift from Trog
  1163 | D        | Reached skill level 15 in Long Blades
  1175 | D        | Reached XP level 11. HP: 87/96 MP: 3/11
  1176 | D        | Noticed an orc knight
  1180 | D        | Noticed an orc knight
  1184 | D        | Killed an orc knight
  1184 | D        | Received a gift from Trog
  1192 | D        | Killed an orc knight
  1337 | D        | Noticed an orc knight
  1337 | D        | Noticed an orc knight
  1354 | D        | Killed an orc knight
  1355 | D        | Noticed an orc knight
  1358 | D        | Noticed an orc knight
  1360 | D        | Noticed an orc knight
  1361 | D        | Received a gift from Trog
  1365 | D        | Killed an orc knight
  1366 | D        | Found Vusoemad's Antique Weapon Boutique.
  1374 | D        | Killed an orc knight
  1374 | D        | Reached skill level 16 in Long Blades
  1380 | D        | Noticed an orc knight
  1382 | D        | Killed an orc knight
  1388 | D        | Slain by an orc knight

Vault maps used:
D:        linesprint

Skill      XL: |  1  2  3  4  5  6  7  8  9 10 11 |
---------------+----------------------------------+-----
Long Blades    | 3 5 6 8 9 10 12 13 15 16 | 16.1
Armour         | 2 3 4 5 6 7 8 10 11 12 | 12.0
Dodging        | 2 3 4 5 6 7 8 10 11 12 | 12.0
Fighting       | 4 5 6 7 8 9 11 12 13 | 13.1

Action                   |  1- 3 |  4- 6 |  7- 9 | 10-12 || total
-------------------------+-------+-------+-------+-------++-------
Melee: Falchion          |    16 |     5 |       |       ||    21
       Kick              |       |     4 |    21 |    57 ||    82
       Scimitar          |       |    12 |    51 |    40 ||   103
       Headbutt          |       |       |    12 |    30 ||    42
       Demon blade       |       |       |       |    81 ||    81
Invok: Berserk           |     2 |     1 |     3 |     4 ||    10
       Trog's Hand       |       |       |       |     4 ||     4
  Use: Potion            |       |       |       |     1 ||     1
 Stab: Distracted        |       |       |       |     1 ||     1
  Eat: Chunk             |       |       |     4 |     7 ||    11
Armor: Animal skin       |     2 |       |       |       ||     2
       Ring mail         |       |     2 |    15 |     8 ||    25
       Plate armour      |       |       |       |     1 ||     1
Dodge: Dodged            |     6 |     9 |    27 |    53 ||    95
       Rpst.: Falchion   |     1 |       |       |       ||     1
       Scimitar          |       |     1 |    12 |     7 ||    20
       Demon blade       |       |       |       |     7 ||     7

Table legend:
 A = Non-vault XP
 B = Vault XP
 C = Vault XP percentage of total XP
 D = Non-vault monster count
 E = Vault monster count
 F = Vault count percentage of total count
                 A         B        C        D         E       F
            +---------+---------+-------+---------+---------+-------
      Total |       0 |   15630 | 100.0 |       0 |      79 | 100.0
            +---------+---------+-------+---------+---------+-------
          D |       0 |   15630 | 100.0 |       0 |      79 | 100.0
            +---------+---------+-------+---------+---------+-------
